 Dungeon Crawl Stone Soup version 0.28.0 (webtiles) character file.

Game seed: 334261528220692235

285 GrayStillPlays the Prestidigitator (level 6, -2/50 HPs)
             Began as a Gnoll Wanderer on Feb 7, 2022.
             Slain by an ogre (14 damage)
             ... on level 3 of the Dungeon.
             The game lasted 00:10:54 (4052 turns).

GrayStillPlays the Prestidigitator (Gnoll Wanderer) Turns: 4052, Time: 00:10:54

Health: -2/50      AC: 11    Str: 11    XL:     6   Next: 29%
Magic:  11/11      EV:  2    Int: 15    God:
Gold:   151        SH:  0    Dex: 10    Spells: 7/11 levels left

rFire   + . .      SeeInvis .   u - staff of fire {!astaff}
rCold   . . .      Faith    +   (no shield)
rNeg    . . .      Spirit   .   w - +0 plate armour
rPois   .          Reflect  .   (no helmet)
rElec   .          Harm     .   (no cloak)
rCorr   .          Rampage  .   k - +0 pair of gloves
Will    .....                   (no boots)
Stlth   ..........              t - amulet of faith {!P}
HPRegen 0.16/turn               f - +4 ring of slaying
MPRegen 0.12/turn               (no ring)

@: no status effects
A: fangs 1, strong nose, distributed training
a: no special abilities


You were on level 3 of the Dungeon.
You visited 1 branch of the dungeon, and saw 4 of its levels.

You collected 151 gold pieces.


Innate Abilities, Weirdness & Mutations

You have very sharp teeth.
Your uncanny sense of smell can sniff out nearby items.
Your experience applies equally to all skills.


   Skills:
 + Level 4.9 Fighting
 + Level 1.9 Short Blades
 + Level 1.9 Long Blades
 + Level 1.9 Axes
 + Level 1.9 Maces & Flails
 + Level 1.9 Polearms
 + Level 1.9 Staves
 + Level 1.9 Slings
 + Level 1.9 Bows
 + Level 1.9 Crossbows
 + Level 1.9 Throwing
 + Level 1.9 Armour
 + Level 1.9 Dodging
 + Level 1.9 Stealth
 + Level 1.9 Shields
 + Level 1.9 Unarmed Combat
 + Level 3.4 Spellcasting
 + Level 1.5 Conjurations
 + Level 1.5 Hexes
 + Level 1.5 Summonings
 + Level 1.5 Necromancy
 + Level 4.1 Translocations
 + Level 1.5 Transmutations
 + Level 1.5 Fire Magic
 + Level 1.5 Ice Magic
 + Level 1.5 Air Magic
 + Level 1.5 Earth Magic
 + Level 1.5 Poison Magic
 + Level 2.1 Invocations
 + Level 10.6 Evocations


You had 7 spell levels left.
You knew the following spells:

 Your Spells              Type           Power      Damage    Failure   Level
a - Apportation           Tloc           28%        N/A       100%        1
b - Poisonous Vapours     Pois/Air       14%        N/A       100%        2
c - Foxfire               Conj/Fire      40%        2x1d6     100%        1

Your spell library contained the following spells:

 Spells                   Type           Power      Damage    Failure   Level
 Beastly Appendage        Tmut           14%        N/A       100%        1
 Corpse Rot               Necr/Air       14%        N/A       100%        2
 Wereblood                Tmut           7%         N/A       100%        2
 Conjure Flame            Conj/Fire      10%        6-21      100%        3
 Inner Flame              Hex/Fire       10%        N/A       100%        3
 Spider Form              Tmut/Pois      7%         N/A       100%        3
 Teleport Other           Tloc           14%        N/A       100%        3
 Flame Wave               Conj/Fire      10%        2d5       100%        4

Inventory:

Hand Weapons
 a - a +0 club {mace}
 e - a +0 falchion {long}
   (You found it on level 1 of the Dungeon)
Missiles
 g - 100 stones {throwing}
 m - 42 arrows
 v - 5 poisoned darts (quivered) {throwing}
Armour
 c - a +0 robe
 k - a +0 pair of gloves (worn)
   (You found it on level 1 of the Dungeon)
 w - a +0 plate armour (worn)
   (You found it on level 3 of the Dungeon)
Magical Staves
 q - a staff of conjuration {!a@e2staff}
   (You found it on level 2 of the Dungeon)
 u - a staff of fire (weapon) {!astaff}
   (You took it off a kobold on level 3 of the Dungeon)
Jewellery
 f - a +4 ring of slaying (left hand)
   (You found it on level 1 of the Dungeon)
 t - an amulet of faith (around neck) {!P}
   (You found it on level 2 of the Dungeon)
Wands
 d - a wand of acid (3)
Scrolls
 b - a scroll of fog
 h - 2 scrolls of teleportation {unknown}
 j - a scroll of vulnerability {unknown}
 l - 3 scrolls of identify {unknown}
 p - a scroll of amnesia {unknown}
 x - a scroll of enchant armour {unknown}
Potions
 i - 2 potions of degeneration {unknown}
 n - a potion of attraction {unknown}
 o - a potion of mutation {unknown}
 r - a potion of flight {unknown}
 s - a potion of resistance {unknown}

Dungeon Overview and Level Annotations

Branches:
Dungeon (4/15)
 Temple: D:4-7

Altars:
Vehumet

Shops:
D:2 ! D:3

? ..)..#
#................#...#####
.....#####.............##.#.#....
...#....#...........#..##.#.#.##.
...#................#..##.#...##.
....#.##....>......##...#.#..###.
.#..#.###...................## #.
.##....##.................#.# #.
.###.#.##..........[......#.# #.
...#...##.......@O.o..#...#.# #.
.#.###..............>.#..)..####.
.#....................#...#....#.
.####....#..........##......##...
.#####............#....#.##......
.#.............#..##.............
.#......[...)..#.....##.........#
........)...#..........<..⌠.⌠...#
...................####....∩.....


You could see an ogre and an orc priest.


Message History

You continue putting on your +0 plate armour. x5
You finish putting on your +0 plate armour.
A bat comes into view.
The bat hits you but does no damage. The bat hits you but does no damage.
The bat hits you but does no damage.
You hit the bat.
You kill the bat!
No target in view!
No target in view!
No target in view!
You see here a bat corpse.
g - 100 stones {throwing} (gained 17)
x - a scroll labelled ITUXKA PORISI
There is a stone staircase leading down here.
Found a stone staircase leading up.
You now have 151 gold pieces (gained 7).
Done exploring.
Done exploring.
No target in view!
No target in view!
There is a stone staircase leading down here.
You climb downwards.
You hear the sound of rushing water.
There is an entrance to a sewer on this level.
Hurry and find it before the portal rusts away!
There is a stone staircase leading up here. 2 orc priests come into view.
The orc priest shouts!
You hear a shout! x2
An orc comes into view. It is wielding a +0 club.
There is a stone staircase leading up here.
You throw a poisoned dart {throwing}.
The poisoned dart {throwing} barely misses the orc.
The poisoned dart {throwing} hits the orc priest.
The orc priest is poisoned.
You throw a poisoned dart {throwing}.
The poisoned dart {throwing} barely misses the orc.
The orc throws a boomerang.
The boomerang completely misses you.
You throw a poisoned dart {throwing}.
The poisoned dart {throwing} hits the orc.
The orc is poisoned.
The orc priest casts a cantrip, but nothing happens.
You throw a poisoned dart {throwing}.
The poisoned dart {throwing} closely misses the orc.
You throw a poisoned dart {throwing}.
The poisoned dart {throwing} hits the orc.
The orc looks even sicker.
An ogre comes into view. It is wielding a +0 giant club.
The orc throws a boomerang.
The boomerang hits you but does no damage.
You throw a poisoned dart {throwing}.
The poisoned dart {throwing} hits the orc.
The orc looks even sicker.
The ogre shouts!
The orc priest looks more healthy.
The orc priest casts a cantrip, but nothing happens.
You throw a poisoned dart {throwing}.
The poisoned dart {throwing} hits the orc.
The orc looks as sick as possible!
The orc hits you but does no damage.
The orc priest calls upon Beogh to heal the orc priest.
The orc priest's wounds heal themselves!
You hit the orc. You burn the orc.
You kill the orc!
The orc priest looks satisfied for a moment.
You hit the orc priest. You burn the orc priest.
The orc priest hits you but does no damage.
The orc priest invokes the aid of Beogh against you.
You barely resist. You closely miss the orc priest.
The orc priest completely misses you.
The orc priest hits you but does no damage.
You hit the orc priest. You burn the orc priest.
The orc priest hits you but does no damage.
The ogre hits you with a +0 giant club!
The orc priest hits you but does no damage. 😕 HP[-8]
You take 8 damage, and now have 42/50 hp.
You hit the orc priest! You burn the orc priest.
You kill the orc priest!
The orc priest hits you with a +0 dagger.
The ogre hits you with a +0 giant club!!
* * * LOW HITPOINT WARNING * * *
The orc priest hits you but does no damage. 😨 HP[-22]
You take 22 damage, and now have 20/50 hp.
MASSIVE DAMAGE!! (PAUSE)
You can't go down here!
The ogre barely misses you.
The orc priest hits you with a +0 dagger.
* * * LOW HITPOINT WARNING * * *
You climb upwards.
There is a stone staircase leading down here. 😨 HP[-1]
You take 1 damage, and now have 19/50 hp.
The orc priest invokes the aid of Beogh against you.
You barely resist.
There is a stone staircase leading up here.
The orc priest calls down the wrath of Beogh upon you.
Beogh smites you!
* * * LOW HITPOINT WARNING * * *
The ogre hits you with a +0 giant club!
You die...

Skill      XL: |  1  2  3  4  5  6 |
---------------+-------------------+-----
Evocations     | | 10.6
Invocations    | 1 2 |  2.1
Short Blades   | 1 |  1.9
Long Blades    | 1 |  1.9
Axes           | 1 |  1.9
Maces & Flails | 1 |  1.9
Polearms       | 1 |  1.9
Staves         | 1 |  1.9
Slings         | 1 |  1.9
Bows           | 1 |  1.9
Crossbows      | 1 |  1.9
Throwing       | 1 |  1.9
Armour         | 1 |  1.9
Dodging        | 1 |  1.9
Stealth        | 1 |  1.9
Shields        | 1 |  1.9
Unarmed Combat | 1 |  1.9
Spellcasting   | 3 |  3.4
Conjurations   | 1 |  1.5
Hexes          | 1 |  1.5
Summonings     | 1 |  1.5
Necromancy     | 1 |  1.5
Translocations | 4 |  4.1
Transmutations | 1 |  1.5
Fire Magic     | 1 |  1.5
Ice Magic      | 1 |  1.5
Air Magic      | 1 |  1.5
Earth Magic    | 1 |  1.5
Poison Magic   | 1 |  1.5
Fighting       | |  4.9

Action                   |  1- 3 |  4- 6 || total
-------------------------+-------+-------++-------
Melee: Club              |    27 |       ||    27
       Bite              |     8 |     4 ||    12
       Falchion          |    66 |    51 ||   117
       Punch             |     1 |     1 ||     2
       Staff             |       |    11 ||    11
Throw: Dart              |       |    31 ||    31
       Stone             |       |     8 ||     8
 Cast: Poisonous Vapours |       |     4 ||     4
 Stab: Sleeping          |       |     5 ||     5
Armor: Robe              |    20 |     6 ||    26
       Plate armour      |       |    10 ||    10
Dodge: Dodged            |    61 |    40 ||   101

Levels and vault maps discovered:
D:1:      sevenhm_arrival_forest_fort_small_4, layout_loops_cross,
          hellmonk_ecumenical_altar_run_dry, minmay_misc_feat_five
D:2:      layout_basic, serial_shops, shop, minmay_pentomino_pile
D:3:      layout_rooms, nicolae_vehumet_radiance, serial_shops, shop_fountains
D:4:      layout_cave_pools, minmay_temple_entry_waves, gammafunk_ghost_grave,
          gup_sewer_entry_bubbles, hangedman_decor_peaks_small, minmay_bent,
          uniq_edmund

Notes
Turn   | Place    | Note
-------+----------+-------------------------------------------
     0 | D:1      | Reached skill level 10 in Evocations
     0 | D:1      | GrayStillPlays the Gnoll Wanderer began the quest for the
                  | Orb.
     0 | D:1      | GrayStillPlays set off with the following items: a +0 club
                  | {mace}, a scroll of fog, a +0 robe, a wand of acid (3); and
                  | the following spell memorised: Apportation; and the
                  | following spells available to memorise: Teleport Other
     0 | D:1      | Reached XP level 1. HP: 20/20 MP: 4/4
     0 | D:1      | magus.rc [v1.9.6]
    13 | D:1      | Found a faded altar of an unknown god.
    77 | D:1      | HP: 5/20 [ball python (1)]
   354 | D:1      | Reached XP level 2. HP: 12/26 MP: 5/5
   363 | D:1      | HP: 5/26 [quokka (3)]
  1053 | D:1      | Reached XP level 3. HP: 31/31 MP: 7/7
  1581 | D:2      | Noticed a black bear
  1632 | D:2      | Reached skill level 1 in Invocations
  1758 | D:2      | Reached skill level 1 in Short Blades
  1758 | D:2      | Reached skill level 1 in Long Blades
  1758 | D:2      | Reached skill level 1 in Axes
  1758 | D:2      | Reached skill level 1 in Maces & Flails
  1758 | D:2      | Reached skill level 1 in Polearms
  1758 | D:2      | Reached skill level 1 in Staves
  1758 | D:2      | Reached skill level 1 in Slings
  1758 | D:2      | Reached skill level 1 in Bows
  1758 | D:2      | Reached skill level 1 in Crossbows
  1758 | D:2      | Reached skill level 1 in Throwing
  1758 | D:2      | Reached skill level 1 in Armour
  1758 | D:2      | Reached skill level 1 in Dodging
  1758 | D:2      | Reached skill level 1 in Stealth
  1758 | D:2      | Reached skill level 1 in Shields
  1758 | D:2      | Reached skill level 1 in Unarmed Combat
  1808 | D:2      | You pick up a book of Changes and begin reading...
  1808 | D:2      | You add the spells Beastly Appendage, Wereblood and Spider
                  | Form to your library.
  1890 | D:2      | Reached XP level 4. HP: 36/38 MP: 8/8
  1926 | D:2      | You pick up a book of Vapours and begin reading...
  1926 | D:2      | You add the spells Poisonous Vapours and Corpse Rot to your
                  | library.
  2008 | D:2      | Found Ynieruet's Distillery.
  2012 | D:2      | Reached skill level 3 in Spellcasting
  2317 | D:2      | Learned a level 2 spell: Poisonous Vapours
  2450 | D:2      | HP: 5/38 [black bear (6)]
  2489 | D:2      | HP: 1/38 [black bear (7)]
  2846 | D:2      | You pick up a book of Flames and begin reading...
  2846 | D:2      | You add the spells Foxfire, Conjure Flame, Inner Flame and
                  | Flame Wave to your library.
  3060 | D:2      | Killed a black bear
  3061 | D:2      | Reached skill level 1 in Conjurations
  3061 | D:2      | Reached skill level 1 in Hexes
  3061 | D:2      | Reached skill level 1 in Summonings
  3061 | D:2      | Reached skill level 1 in Necromancy
  3061 | D:2      | Reached skill level 4 in Translocations
  3061 | D:2      | Reached skill level 1 in Transmutations
  3061 | D:2      | Reached skill level 1 in Fire Magic
  3061 | D:2      | Reached skill level 1 in Ice Magic
  3061 | D:2      | Reached skill level 1 in Air Magic
  3061 | D:2      | Reached skill level 1 in Earth Magic
  3061 | D:2      | Reached skill level 1 in Poison Magic
  3061 | D:2      | Reached XP level 5. HP: 30/43 MP: 3/9
  3160 | D:3      | Found Ashraqim's Magic Scroll Emporium.
  3509 | D:3      | Reached XP level 6. HP: 50/50 MP: 10/10
  3544 | D:3      | Reached skill level 2 in Invocations
  3625 | D:3      | Learned a level 1 spell: Foxfire
  3868 | D:3      | Found a radiant altar of Vehumet.
  4052 | D:3      | HP: 12/50 [orc priest/divine providence (8)]
  4052 | D:3      | Slain by an ogre

Vanquished Creatures
  A black bear (D:2)
  A centaur zombie (D:3)
  An orc priest (D:4)
  5 adders
  A worm (D:2)
  2 dart slugs
  3 orcs
  7 bats
  7 endoplasms
  2 giant cockroaches
  7 goblins
  7 hobgoblins
  5 quokkas
  8 ball pythons
  2 frilled lizards
  6 kobolds
  4 rats
69 creatures vanquished.

Table legend:
 A = Non-vault XP
 B = Vault XP
 C = Vault XP percentage of total XP
 D = Non-vault monster count
 E = Vault monster count
 F = Vault count percentage of total count
                 A         B        C        D         E       F
            +---------+---------+-------+---------+---------+-------
      Total |     371 |      37 |   9.1 |      61 |       8 |  11.6
            +---------+---------+-------+---------+---------+-------
        D:1 |      41 |       0 |   0.0 |      24 |       0 |   0.0
        D:2 |     186 |      37 |  16.6 |      19 |       8 |  29.6
        D:3 |      98 |       0 |   0.0 |      16 |       0 |   0.0
        D:4 |      46 |       0 |   0.0 |       2 |       0 |   0.0
            +---------+---------+-------+---------+---------+-------

Illustrated notes

Table legend:
 A = Kills in this place as a percentage of kills in entire the game.
 B = Kills by you in this place as a percentage of kills by you in the entire game.
 C = Kills by friends in this place as a percentage of kills by friends in the entire game.
 D = Other kills in this place as a percentage of other kills in the entire game.
 E = Experience gained in this place as a percentage of experience gained in the entire game.
 F = Experience gained in this place divided by the number of levels of this place that you have seen.
                   A       B       C       D       E      F
               +-------+-------+-------+-------+-------+----------------------
         Total | 100.0 | 100.0 |   N/A |   N/A | 100.0 | 102.0
       Dungeon | 100.0 | 100.0 |   N/A |   N/A | 100.0 | 102.0
               +-------+-------+-------+-------+-------+----------------------

Table legend: (Time is in decaauts)
 A = Elapsed time spent in this place.
 B = Non-inter-level travel time spent in this place.
 C = Inter-level travel time spent in this place.
 D = Time resting spent in this place.
 E = Time spent auto-exploring this place.
 F = Levels seen in this place.
 G = Mean time per level.
                   A        B        C        D        E       F      G
               +--------+--------+--------+--------+--------+-----+--------+
         Total |   4088 |   3877 |    211 |    820 |   2138 |   4 | 1022.0 |
       Dungeon |   4088 |   3877 |    211 |    820 |   2138 |   4 | 1022.0 |
               +--------+--------+--------+--------+--------+-----+--------+

Top non-repeatable levels by time:
     D:1: 1830 daAuts
     D:2: 1364 daAuts
     D:3: 878 daAuts
     D:4: 15 daAuts
